 Dungeon Crawl Stone Soup version 0.26-a0-812-g31a745ddcd (webtiles) character file.

Game seed: 11615595905670609462

2730 lorenzova the Thaumaturge (level 9, -4/45 HPs)
             Began as a Deep Elf Conjurer on Dec 4, 2020.
             Was an Initiate of Vehumet.
             Slain by an orc knight
             ... wielding a +0 war axe
              (26 damage)
             ... in a bailey.
             The game lasted 00:18:07 (8966 turns).

lorenzova the Thaumaturge (Deep Elf Conjurer)       Turns: 8966, Time: 00:18:08

Health: -4/45      AC:  5    Str:  4    XL:     9   Next: 40%
Magic:  5/25       EV: 17    Int: 27    God:    Vehumet [......]
Gold:   370        SH:  0    Dex: 13    Spells: 12/28 levels left

rFire    + . .     SeeInvis .   (no weapon)
rCold    . . .     Faith    .   (no shield)
rNeg     . . .     Spirit   .   a - +0 robe
rPois    .         Reflect  .   (no helmet)
rElec    +         Harm     .   s - +1 cloak of Starlight {rElec rC+ EV+4 Stlth--}
rCorr    .         Rampage  .   (no gloves)
MR       .....                  m - +0 pair of boots
Stlth    ..........             (no amulet)
HPRegen  0.15/turn              q - ring of fire
MPRegen  0.19/turn              (no ring)

@: flying
A: no striking features
a: Renounce Religion


You were in a bailey.
You worshipped Vehumet.
Vehumet was noncommittal.
You visited 1 branch of the dungeon, and saw 7 of its levels.
You also visited: Bailey.

You collected 370 gold pieces.

Inventory:

Armour
 a - a +0 robe (worn)
 l - a +1 robe of positive energy
 m - a +0 pair of boots (worn)
 s - the +1 cloak of Starlight (worn) {rElec rC+ EV+4 Stlth--}
   (You found it on level 4 of the Dungeon)

   It affects your evasion (+4).
   It protects you from cold.
   It insulates you from electricity.
   It makes you much less stealthy.
Jewellery
 q - a ring of fire (left hand)
Wands
 k - a wand of polymorph (7)
 r - a wand of flame (25)
Scrolls
 b - 3 scrolls of immolation
 c - 4 scrolls of amnesia
 d - 6 scrolls of teleportation
 e - 2 scrolls of enchant armour
 h - 2 scrolls of remove curse
 j - 3 scrolls of magic mapping
 v - 2 scrolls of blinking
 y - a scroll of fog {unknown}
 z - a scroll of noise {unknown}
Potions
 f - 2 potions of brilliance {unknown}
 g - 5 potions of haste
 i - a potion of might {unknown}
 n - a potion of heal wounds {unknown}
 o - a potion of mutation {unknown}
 p - a potion of flight
 t - a potion of magic {unknown}
 u - 6 potions of curing
 w - a potion of lignification {unknown}
 x - a potion of attraction {unknown}


   Skills:
 - Level 2.4 Dodging
 - Level 2.4 Stealth
 * Level 10.3 Spellcasting
 * Level 9.5 Conjurations
 + Level 4.2 Hexes
 + Level 3.4 Translocations
 * Level 5.2 Fire Magic


You had 12 spell levels left.
You knew the following spells:

 Your Spells              Type           Power        Failure   Level
a - Magic Dart            Conj           ####         1%          1
b - Searing Ray           Conj           ######       1%          2
c - Iskenderun's Mystic   Conj/Tloc      #####...     2%          4
d - Fulminant Prism       Conj/Hex       ######....   2%          4
p - Blink                 Tloc           N/A          1%          2
x - Conjure Flame         Conj/Fire      ######..     1%          3

Your spell library contained the following spells:

 Spells                   Type           Power        Failure   Level
 Slow                     Hex            #####...     1%          2
 Dazzling Flash           Conj/Hex       ######       1%          3
 Mephitic Cloud           Conj/Pois/Air  ####....     3%          3
 Call Imp                 Summ           ##......     6%          2


Dungeon Overview and Level Annotations

Branches:
Dungeon (7/15)             Temple (0/1) D:7          Bailey (1/1)

Altars:
Kikubaaqudgha
Ru
Vehumet

Shops:
D:6 :


Message History

The mystic blast hits the orc warrior!
The orc warrior is heavily wounded.
The orc warrior is knocked back by the mystic blast.
The orc warrior slams into the stone wall!
The mystic blast hits the gnoll.
The gnoll is moderately wounded.
The gnoll is knocked back by the mystic blast.
The gnoll collides with the orc warrior!
The orc warrior hits you with the +1 great mace of Regicide {holy, rF++ Str+3}!
An orc warrior comes into view. It is wielding a +0 hand axe.
There is an open door here.
An orc knight comes into view. It is wielding a +0 war axe.
The orc knight shouts!
There is an open door here.
Okay, then.
You feel very buoyant.
You fly up into the air.
The orc knight hits you with a +0 war axe!!
Ouch! That really hurt!
You die...

..........#g##.≈≈≈≈≈≈≈
...._...o....'.≈≈≈≈≈≈≈
...........8.#o≈≈≈≈≈≈≈
.............#.≈≈≈≈≈≈≈
##########.8.#o≈≈≈≈≈≈≈
#######.....#o≈≈≈≈≈≈≈
#...).#...8.#g≈≈≈≈≈≈≈
#...)o#.....#o≈≈≈≈≈≈≈
#..⌠.)#..####@#≈≈≈≈≈≈
#..'.....'..#..o.#≈≈≈≈≈≈
#..))....'..#....#≈≈≈≈≈≈
#####)')#####..###≈≈≈≈≈≈
#.....).....#.. ≈≈≈≈≈
#≈≈≈≈.).≈≈≈≈###### ≈≈≈≈
≈≈≈≈≈...≈≈≈≈≈≈≈≈≈≈
≈≈≈≈≈...≈≈≈≈≈≈≈≈≈≈
≈≈≈≈≈.).≈≈≈≈≈≈≈≈≈≈


You could see an orc knight, 3 orc warriors, a gnoll and an orc.

Vanquished Creatures
  A kobold demonologist (Bailey)
  Prince Ribbit (D:5)
  Sigmund (D:2)
  5 orc warriors
  2 centaurs
  2 bullfrogs (D:6)
  A gnoll sergeant (D:5)
  2 scorpions
  3 howler monkeys
  3 electric eels (Bailey)
  A centaur zombie (D:6)
  4 hounds
  A jelly (D:6)
  2 orc wizards (D:6)
  A bullfrog skeleton (D:4)
  2 centaur skeletons (D:4)
  An iguana (D:6)
  Terence (D:3)
  5 worker ants
  2 hound skeletons (D:4)
  A howler monkey zombie (D:6)
  Robin (D:3)
  13 gnolls
  8 adders
  A shadow imp (D:6)
  3 white imps
  2 ufetubi (D:6)
  An ooze (D:1)
  3 adder skeletons (D:4)
  An adder zombie (D:7)
  2 worms
  3 dart slugs
  11 leopard geckos
  16 orcs
  7 bats
  7 giant cockroaches
  22 goblins
  18 hobgoblins
  16 jackals
  10 kobolds
  3 quokkas
  2 ball pythons
  A ball python skeleton (D:4)
  5 frilled lizards
  7 rats
205 creatures vanquished.

Vanquished Creatures (others)
  8 fulminant prisms (Bailey)
8 creatures vanquished.

Grand Total: 213 creatures vanquished

Notes
Turn   | Place    | Note
-------+----------+-------------------------------------------
     0 | D:1      | lorenzova the Deep Elf Conjurer began the quest for the
                  | Orb.
     0 | D:1      | Reached XP level 1. HP: 10/10 MP: 6/6
   157 | D:1      | Reached XP level 2. HP: 15/15 MP: 6/8
   718 | D:1      | Reached skill level 4 in Spellcasting
   762 | D:1      | Reached skill level 5 in Conjurations
   762 | D:1      | Reached XP level 3. HP: 19/19 MP: 5/10
   920 | D:1      | Learned a level 2 spell: Searing Ray
  1748 | D:2      | Reached XP level 4. HP: 24/24 MP: 10/12
  2206 | D:2      | Noticed Sigmund
  2225 | D:2      | Killed Sigmund
  2225 | D:2      | Reached skill level 6 in Spellcasting
  2225 | D:2      | Reached XP level 5. HP: 25/28 MP: 4/15
  2634 | D:2      | Noticed a centaur
  2638 | D:2      | Killed a centaur
  2638 | D:2      | Reached XP level 6. HP: 11/32 MP: 12/17
  3215 | D:3      | Noticed Terence
  3227 | D:3      | Killed Terence
  3948 | D:3      | Reached skill level 7 in Spellcasting
  3953 | D:3      | Noticed Robin
  3960 | D:3      | Killed Robin
  5008 | D:4      | Found the +1 cloak of Starlight {rElec rC+ EV+4 Stlth--}
  5017 | D:4      | Reached XP level 7. HP: 36/36 MP: 12/19
  5369 | D:4      | Reached skill level 8 in Spellcasting
  5553 | D:4      | Learned a level 3 spell: Conjure Flame
  5556 | D:4      | Learned a level 2 spell: Blink
  5561 | D:4      | Learned a level 4 spell: Iskenderun's Mystic Blast
  5566 | D:4      | Learned a level 4 spell: Fulminant Prism
  5811 | D:4      | Reached skill level 1 in Fire Magic
  5819 | D:4      | Reached skill level 1 in Hexes
  6077 | D:4      | Reached skill level 1 in Translocations
  6236 | D:5      | Entered Level 5 of the Dungeon
  6690 | D:5      | Reached XP level 8. HP: 41/41 MP: 14/22
  6820 | D:5      | Noticed Prince Ribbit
  6831 | D:5      | Killed Prince Ribbit
  6831 | D:5      | Reached skill level 9 in Spellcasting
  6945 | D:5      | Found a sacrificial altar of Ru.
  7886 | D:6      | Found a radiant altar of Vehumet.
  7887 | D:6      | Found an ancient bone altar of Kikubaaqudgha.
  7898 | D:6      | Found Tawo's Book Emporium.
  7908 | D:6      | Became a worshipper of Vehumet
  8194 | D:7      | Found a staircase to the Ecumenical Temple.
  8408 | D:7      | Found a flagged portal.
  8415 | Bailey   | Entered a bailey
  8609 | Bailey   | Reached XP level 9. HP: 45/45 MP: 15/24
  8628 | Bailey   | Reached skill level 10 in Spellcasting
  8808 | Bailey   | Noticed a kobold demonologist
  8822 | Bailey   | Noticed a rust devil
  8823 | Bailey   | Killed a kobold demonologist
  8823 | Bailey   | Reached skill level 5 in Fire Magic
  8926 | Bailey   | Noticed an orc knight
  8950 | Bailey   | Found an iron altar of Okawaru.
  8954 | Bailey   | Identified the +1 great mace of Regicide {holy, rF++ Str+3}
  8965 | Bailey   | Noticed an orc knight
  8966 | Bailey   | Slain by an orc knight

Illustrated notes

Levels and vault maps discovered:
D:1:      heliophobic_arrival_ceremonial_halls, layout_basic,
          minmay_misc_feat_columns
D:2:      layout_basic, uniq_sigmund
D:3:      layout_loops_corners, uniq_terence, uniq_robin
D:4:      minmay_razor_zed, layout_rooms
D:5:      layout_loops_ring, kennysheep_mini, uniq_prince_ribbit1
D:6:      layout_basic, chequers_temple_overflow_statue_of_worship,
          serial_shops, shop
D:7:      layout_loops_ring, temple_statues, enter_bailey_3
Bailey:   bailey_axe_of_yendor_kennysheep, bailey

Skill      XL: |  1  2  3  4  5  6  7  8  9 |
---------------+----------------------------+-----
Spellcasting   | 4 6 7 8 9 10 | 10.3
Conjurations   | 5 6 7 8 9 |  9.5
Fire Magic     | 2 4 5 |  5.2
Hexes          | 1 3 4 |  4.2
Translocations | 1 2 3 |  3.4
Dodging        | |  2.4
Stealth        | |  2.4

Action                   |  1- 3 |  4- 6 |  7- 9 || total
-------------------------+-------+-------+-------++-------
 Cast: Magic Dart        |    62 |    89 |   110 ||   261
       Searing Ray       |     2 |    15 |    47 ||    64
       Fulminant Prism   |       |       |     8 ||     8
       Iskenderun's Myst |       |       |     3 ||     3
  Use: Scroll            |       |     1 |    10 ||    11
       Potion            |       |       |     1 ||     1
Armor: Robe              |     1 |     3 |    10 ||    14
Dodge: Dodged            |     6 |     9 |    33 ||    48

Table legend: (Time is in decaauts)
 A = Elapsed time spent in this place.
 B = Non-inter-level travel time spent in this place.
 C = Inter-level travel time spent in this place.
 D = Time resting spent in this place.
 E = Time spent auto-exploring this place.
 F = Levels seen in this place.
 G = Mean time per level.
                   A        B        C        D        E       F      G
               +--------+--------+--------+--------+--------+-----+--------+
         Total |   8973 |   8796 |    177 |   3991 |   3814 |   8 | 1121.6 |
       Dungeon |   8422 |   8245 |    177 |   3595 |   3814 |   7 | 1203.1 |
        Bailey |    550 |    550 |      0 |    396 |      0 |   1 |  550.0 |
               +--------+--------+--------+--------+--------+-----+--------+

Top non-repeatable levels by time:
     D:3: 1860 daAuts
     D:2: 1802 daAuts
     D:4: 1297 daAuts
     D:1: 1274 daAuts
     D:6: 1063 daAuts
     D:5: 883 daAuts
  Bailey: 550 daAuts
     D:7: 240 daAuts
